 Dungeon Crawl Stone Soup version 0.30.0-5-g1a98f26d00 (webtiles) character file.

Game seed: 3886716351510660087

697 firemarshallily the Covert (level 7, 0/47 HPs)
             Began as an Octopode Brigand on May 11, 2023.
             Slain by a phantom (3 damage)
             ... on level 4 of the Dungeon.
             The game lasted 00:07:55 (3643 turns).

firemarshallily the Covert (Octopode Brigand)       Turns: 3643, Time: 00:07:55

Health: 0/47       AC:  1    Str:  9 (11) XL:     7   Next: 65%
Magic:  7/7        EV: 14    Int: 12 (13) God:
Gold:   251        SH:  0    Dex: 14 (15) Spells: 6/6 levels left

rFire   . . .        a - +2 dagger
rCold   . . .        (no shield)
rNeg    . . .        (helmet restricted)
rPois   .            (no amulet)
rElec   .            (no ring)
rCorr   .            (no ring)
SInv    .            (no ring)
Will    .....        (no ring)
Stlth   +++++        (no ring)
HPRegen 0.27/turn    (no ring)
MPRegen 0.10/turn    (no ring)
                     (no ring)

%: no passive effects
@: no status effects
A: almost no armour, amphibious, 8 rings, camouflage 1, gelatinous body 1,
(nimble swimmer 1), tentacles
a: no special abilities


You were on level 4 of the Dungeon.
You visited 1 branch of the dungeon, and saw 5 of its levels.

You collected 251 gold pieces.

Inventory:

Hand Weapons
 a - a +2 dagger (weapon)
Missiles
 b - 11 poisoned darts (quivered)
 c - 3 curare-tipped darts
 q - 3 boomerangs
Scrolls
 d - 2 scrolls of blinking
 h - a scroll of butterflies {unknown}
 j - a scroll of magic mapping
 k - a scroll of poison
 m - 4 scrolls of fog
 o - a scroll of fear {unknown}
 p - a scroll of enchant armour {unknown}
 r - a scroll of enchant weapon {unknown}
 t - a scroll of acquirement {unknown}
 u - a scroll of teleportation {unknown}
Potions
 e - a potion of degeneration
 f - 2 potions of curing {unknown}
 g - 2 potions of heal wounds {unknown}
 i - 2 potions of ambrosia {unknown}
 l - 2 potions of might
 n - 3 potions of brilliance {unknown}
 s - a potion of attraction {unknown}


   Skills:
 + Level 3.7 Fighting
 * Level 5.0 Short Blades
 - Level 2.0 Throwing
 + Level 3.2 Dodging
 * Level 8.6 Stealth


You had 6 spell levels left.
You didn't know any spells.
Your spell library contained the following spells:

 Spells                   Type           Power      Damage    Failure   Level
 Sting                    Tmut/Pois      0%         1d3       32%         1
 Poisonous Vapours        Pois/Air       0%         N/A       45%         2
 Olgreb's Toxic Radiance  Pois           0%         N/A       97%         4


Dungeon Overview and Level Annotations

Branches:
Dungeon (5/15)
 Temple: D:4-7

Altars:

Annotations:
D:5 Menkaure


Innate Abilities, Weirdness & Mutations

You cannot wear most types of armour.
You are amphibious.
You can wear up to eight rings at the same time.
Your skin changes colour to match your surroundings (Stealth+).
Your rubbery body absorbs attacks. (AC +1, EV +1)
((You are camouflaged when in or above water. (Stealth+)))
You have tentacles for arms and can constrict up to eight enemies at once.


Message History

Press: ? - help, v - describe, . - travel
Here: a phantom (moderately damaged)
The floor.
You closely miss the phantom.
The phantom is moderately damaged.
The phantom closely misses you.
You hit the phantom.
The phantom is heavily damaged.
The phantom closely misses you.
You hit the phantom but do no damage.
The phantom is heavily damaged.
The phantom barely misses you.
You closely miss the phantom.
The phantom is heavily damaged.
You closely miss the phantom.
Your tentacle-slap misses the phantom.
Your squeeze misses the phantom.
The phantom is heavily damaged.
The phantom closely misses you.
You closely miss the phantom.
The phantom is heavily damaged.
The phantom hits you.
* * * LOW HITPOINT WARNING * * *
You hit the phantom.
The phantom is severely damaged.
The phantom completely misses you.
You hit the phantom but do no damage.
The phantom is severely damaged.
You hit the phantom.
The phantom is severely damaged.
The phantom hits you.
* * * LOW HITPOINT WARNING * * *
You hit the phantom. Your squeeze misses the phantom.
The phantom is severely damaged.
The phantom hits you.
* * * LOW HITPOINT WARNING * * *
It was a potion of degeneration.
There was something very wrong with that liquid.
You feel weakened.
You feel dopey.
You feel clumsy. The phantom hits you.
You die...

..†.# #.# #.##..#.######### #.#
..#.# #.# ####..#.###########.#
###.###.######..#.............#
................#.#############
####.##.......<.#...#.........#
.....########.#.#.#.#.#######.#
...#.# #.#.....#.# #.# ...#.#
#.#W....#.# #.# ...#.#
#.##@...#.# #.# ...+.#
#.##....#.# #.# ...###
#.##....#.# #.# ...#
#.##....#.# #.# ...# #####
#.##....#.# #.#
..)###...####.##....#.#######.#
.....'...'....................#
######...####.#####.#.#########
#...#..........#.#


You could see a phantom.

Vanquished Creatures
  Sigmund (D:5)
  A black bear (D:4)
  A phantom (D:4)
  2 scorpions
  A jelly (D:4)
  An orc priest (D:3)
  11 adders
  An ufetubus (D:5)
  2 worms (D:2)
  A dart slug (D:5)
  13 orcs (D:3)
  10 ball pythons
  4 endoplasms
  A giant cockroach (D:2)
  7 hobgoblins
  2 jackals (D:3)
  2 quokkas
  6 bats (D:3)
  2 frilled lizards
  9 goblins
  4 kobolds (D:3)
  10 rats
  A spectral goblin (D:1)
93 creatures vanquished.

Notes
Turn   | Place    | Note
-------+----------+-------------------------------------------
     0 | D:1      | firemarshallily the Octopode Brigand began the quest for
                  | the Orb.
     0 | D:1      | Reached XP level 1. HP: 14/14 MP: 1/1
   103 | D:1      | Found a faded altar of an unknown god.
   137 | D:1      | Reached XP level 2. HP: 19/19 MP: 2/2
   854 | D:2      | Reached XP level 3. HP: 22/24 MP: 3/3
   920 | D:2      | Reached skill level 6 in Stealth
  1031 | D:2      | Reached XP level 4. HP: 30/30 MP: 4/4
  1927 | D:3      | Noticed a scorpion
  2091 | D:3      | Reached XP level 5. HP: 35/35 MP: 5/5
  2110 | D:3      | Reached skill level 7 in Stealth
  2838 | D:4      | Reached XP level 6. HP: 42/42 MP: 6/6
  3272 | D:4      | Reached XP level 7. HP: 44/46 MP: 7/7
  3302 | D:4      | Reached skill level 8 in Stealth
  3565 | D:5      | Entered Level 5 of the Dungeon
  3608 | D:5      | Noticed Sigmund
  3611 | D:5      | Noticed Menkaure
  3616 | D:5      | Killed Sigmund
  3617 | D:5      | Reached skill level 5 in Short Blades
  3643 | D:4      | Slain by a phantom

Illustrated notes

Levels and vault maps discovered:
D:1:      dpeg_arrival_arbitrary_a, layout_basic,
          dreamdust_ecumenical_altar_drowned_temple, feat_on_display
D:2:      layout_basic, grunt_ministairs_10
D:3:      minmay_chambers_of_twos, layout_basic
D:4:      layout_basic
D:5:      old_forge, layout_cave_pools, mainiacjoe_overflow_alcove_4,
          minmay_temple_entry_tees, uniq_edmund, uniq_sigmund, uniq_menkaure

Skill      XL: |  1  2  3  4  5  6  7 |
---------------+----------------------+-----
Stealth        | 6 7 8 |  8.6
Short Blades   | 3 4 5 |  5.0
Dodging        | 2 3 |  3.2
Fighting       | 3 |  3.7
Throwing       | |  2.0

Action                     |  1- 3 |  4- 6 |  7- 9 || total
---------------------------+-------+-------+-------++-------
  Melee: Dagger            |    50 |   118 |    24 ||   192
         Constrict         |     8 |    23 |     2 ||    33
         Tentacles         |     8 |    21 |     1 ||    30
         Punch             |     1 |       |       ||     1
  Throw: Dart              |       |     9 |       ||     9
    Use: Scroll            |       |     5 |       ||     5
         Potion            |       |       |     1 ||     1
   Stab: Sleeping          |    13 |    17 |     4 ||    34
 Armour: Skin              |     5 |     6 |       ||    11
  Dodge: Dodged            |    20 |    61 |    16 ||    97
